 Dungeon Sprint DCSS version 0.24-a0-280-g7cec4da (webtiles) character file.

Game seed: 13217478838536937940

1901 schets the Basher (level 8, -12/86 HPs)
             Began as a Deep Dwarf Fighter on May 5, 2019.
             Was an Elder of Makhleb.
             Killed from afar by Josephine (18 damage)
             ... with a ghostly fireball
             ... in the Dungeon (Sprint IX: "|||||||||||||||||||||||||||||").
             The game lasted 00:02:18 (622 turns).

schets the Basher (Deep Dwarf Fighter)               Turns: 622, Time: 00:02:19

Health: -12/86     AC: 14    Str: 23    XL:     8   Next: 94%
Magic:  13/13      EV: 10    Int: 11    God:    Makhleb [****..]
Gold:   0          SH: 11    Dex: 15    Spells: 7/7 levels left

rFire    . . .     SeeInvis .   a - +0 flail
rCold    . . .     Gourm    .   c - +0 shield
rNeg     . . .     Faith    .   r - +1 chain mail
rPois    .         Spirit   .   (no helmet)
rElec    .         Reflect  .   p - +0 cloak
rCorr    .         Harm     .   q - +0 pair of gloves
MR       +....     NoTele   +   (no boots)
Stlth    ..........             (no amulet)
HPRegen  0.00/turn              s - +3 ring of intelligence
MPRegen  0.13/turn              t - +3 ring of dexterity

@: non-regenerating, drained
A: damage resistance, heal wounds, sense surroundings 1, no regeneration
a: Heal Wounds, Minor Destruction, Lesser Servant of Makhleb, Major Destruction,
Renounce Religion


You were in the Dungeon.
You worshipped Makhleb.
Makhleb was greatly pleased with you.
You were not hungry.

You visited 1 branch

Inventory:

Hand Weapons
 a - a +0 flail (weapon)
Armour
 b - a +0 scale mail
 c - a +0 shield (worn)
 p - a +0 cloak (worn)
 q - a +0 pair of gloves (worn)
 r - a +1 chain mail (worn)
Jewellery
 s - a +3 ring of intelligence (left hand)
 t - a +3 ring of dexterity (right hand)
Wands
 o - a wand of iceblast (3)
Scrolls
 k - a scroll of blinking
 m - 3 scrolls of remove curse
 n - 2 scrolls of amnesia
Potions
 e - 5 potions of curing
 g - a potion of heal wounds
 h - a potion of haste
 i - 4 potions of magic
 j - a potion of invisibility
Comestibles
 d - 2 chunks of flesh


   Skills:
 * Level 10.0(8.8) Fighting
 * Level 10.5(9.2) Maces & Flails
 + Level 8.8(7.6) Armour
 + Level 7.9(6.7) Dodging
 + Level 8.8(7.6) Shields
 * Level 7.0(5.8) Invocations


You had 7 spell levels left.
You didn't know any spells.
Your spell library was empty.

Dungeon Overview and Level Annotations

Branches:
Dungeon (1/1)

Altars:
Cheibriados
Dithmenos
Elyvilon
Fedhas
Gozag
Hepliaklqana
Kikubaaqudgha
Makhleb
Nemelex Xobeh
Okawaru
Qazlal
Ru
Sif Muna
Trog
Uskayaw
Vehumet
Wu Jian
Xom
Yredelemnul
Zin
The Shining One
Beogh
Jiyva
Lugonu

Annotations:
D Josephine


Innate Abilities, Weirdness & Mutations

You are resistant to damage.
You can heal yourself by infusing magical energy.
You passively map a small area around you.
You do not regenerate.


Message History

Josephine is heavily wounded.
Josephine hits you but does no damage.
You closely miss Josephine.
Josephine is heavily wounded.
You block Josephine's attack.
Your shield and chain mail prevent you from hitting Josephine.
Josephine is heavily wounded.
Josephine gestures at you while chanting.
The ghostly flame explodes!
The ghostly fireball engulfs you!
You feel drained.
* * * LOW HITPOINT WARNING * * *
The ghostly fireball engulfs Josephine.
Josephine completely resists.
You hit Josephine.
Josephine is heavily wounded.
Josephine hits you with a +0 dagger.
You closely miss Josephine.
Josephine is heavily wounded.
Josephine gestures at you while chanting.
The ghostly flame explodes!
The ghostly fireball engulfs you!!
You feel drained.
You die...

▓_▓.▓,*,
, ▓_▓.▓,
* *
▓_▓.▓ ,*
▓_▓.▓ ,
▓_▓.▓ *
▓_▓.▓ ,*
, ▓_▓.▓
▓'▓.▓ *
▓.▓@▓ *
▓.▓@▓
*,*
▓.▓W▓
▓.▓W▓ ,*
* *
▓÷▓.▓
▓)▓.▓
▓.▓.▓
▓.▓.▓
▓.▓ +


You could see Josephine and 2 wraiths.

Vanquished Creatures
  A cyclops (D)
  A manticore (D)
  A gargoyle (D)
  A wraith (D)
  A hungry ghost (D)
  An eye of draining (D)
  A centaur (D)
  2 bullfrogs (D)
  A scorpion (D)
  A killer bee (D)
  2 howler monkeys (D)
  2 adders (D)
  An adder skeleton (D)
  A leopard gecko (D)
  An orc (D)
  A hobgoblin (D)
  A kobold (D)
  A quokka (D)
  A frilled lizard (D)
  A rat (D)
23 creatures vanquished.

Vanquished Creatures (collateral kills)
  2 wraiths (D)
2 creatures vanquished.

Grand Total: 25 creatures vanquished

Notes
Turn   | Place    | Note
-------+----------+-------------------------------------------
     0 | D        | schets the Deep Dwarf Fighter began the quest for the Orb.
     0 | D        | Reached XP level 1. HP: 20/20 MP: 1/1
    14 | D        | Reached skill level 1 in Dodging
    31 | D        | Noticed a howler monkey
    31 | D        | Noticed a howler monkey
    31 | D        | Noticed a scorpion
    34 | D        | Killed a scorpion
    34 | D        | Reached XP level 2. HP: 31/31 MP: 2/2
    34 | D        | Reached XP level 3. HP: 37/37 MP: 3/3
    44 | D        | Reached skill level 5 in Fighting
    44 | D        | Reached skill level 5 in Maces & Flails
    44 | D        | Reached XP level 4. HP: 46/46 MP: 4/4
    56 | D        | Reached skill level 5 in Armour
    56 | D        | Reached skill level 5 in Shields
    56 | D        | Reached XP level 5. HP: 33/52 MP: 5/5
    71 | D        | Found a roughly hewn altar of Beogh.
    71 | D        | Found a snail-covered altar of Cheibriados.
    71 | D        | Found a shadowy altar of Dithmenos.
    71 | D        | Found a white marble altar of Elyvilon.
    71 | D        | Found a blossoming altar of Fedhas.
    71 | D        | Found an opulent altar of Gozag.
    72 | D        | Found a hazy altar of Hepliaklqana.
    73 | D        | Found a viscous altar of Jiyva.
    74 | D        | Found an ancient bone altar of Kikubaaqudgha.
    75 | D        | Found a corrupted altar of Lugonu.
    76 | D        | Found a burning altar of Makhleb.
    77 | D        | Found a sparkling altar of Nemelex Xobeh.
    78 | D        | Found an iron altar of Okawaru.
    79 | D        | Found a stormy altar of Qazlal.
    80 | D        | Found a sacrificial altar of Ru.
    81 | D        | Found a deep blue altar of Sif Muna.
    82 | D        | Found a bloodstained altar of Trog.
    83 | D        | Found a hide-covered altar of Uskayaw.
    84 | D        | Became a worshipper of Makhleb the Destroyer
    85 | D        | Found a radiant altar of Vehumet.
    86 | D        | Found an ornate altar of the Wu Jian Council.
    87 | D        | Found a shimmering altar of Xom.
    88 | D        | Found a basalt altar of Yredelemnul.
    89 | D        | Found a glowing silver altar of Zin.
    90 | D        | Found a glowing golden altar of the Shining One.
   141 | D        | Noticed a gargoyle
   141 | D        | Noticed a centaur
   141 | D        | Noticed a hungry ghost
   176 | D        | Killed a hungry ghost
   179 | D        | Reached XP level 6. HP: 37/63 MP: 6/6
   191 | D        | Reached * piety under Makhleb
   194 | D        | Reached skill level 5 in Dodging
   220 | D        | Killed a gargoyle
   220 | D        | Reached XP level 7. HP: 46/75 MP: 7/7
   226 | D        | Reached ** piety under Makhleb
   357 | D        | Noticed a cyclops
   357 | D        | Noticed a manticore
   380 | D        | Reached skill level 1 in Invocations
   387 | D        | Reached *** piety under Makhleb
   397 | D        | Killed a manticore
   397 | D        | Reached XP level 8. HP: 26/85 MP: 1/11
   402 | D        | Killed a cyclops
   402 | D        | Reached skill level 10 in Maces & Flails
   598 | D        | Reached **** piety under Makhleb
   607 | D        | Reached skill level 10 in Fighting
   609 | D        | Noticed Josephine
   622 | D        | Killed from afar by Josephine

Levels and vault maps discovered:
D:        linesprint [early_d, line_temple, items_1, d_10, items_2, lair_1,
          lair_end, items_3, orc_1, orc_end, items_4, d_15, swamp_1, shoals_1,
          snake_1, spider_1, d_20, vaults_1, items_5, swamp_end, shoals_end,
          snake_end, spider_end, vaults_end, d_27, items_6, zot_1, zot_end,
          crypt_end, forest_end, elf_end, slime_end, tomb_end, abyss_end,
          pan_hell_end]

Skill      XL: |  1  2  3  4  5  6  7  8 |
---------------+-------------------------+-----
Fighting       | 4 5 6 8 9 10 | 10.0
Dodging        | 2 3 4 6 7 |  7.9
Maces & Flails | 4 5 6 8 9 10 | 10.5
Armour         | 4 5 6 7 8 |  8.8
Shields        | 4 5 6 7 8 |  8.8
Invocations    | 4 7 |  7.0

Action                   |  1- 3 |  4- 6 |  7- 9 || total
-------------------------+-------+-------+-------++-------
Melee: Flail             |    28 |    76 |    57 ||   161
Invok: Lesser Servant of |       |       |     1 ||     1
Evoke: Wand              |       |       |     7 ||     7
  Use: Potion            |     1 |     3 |       ||     4
       Scroll            |       |     1 |       ||     1
  Eat: Chunk             |       |     4 |     2 ||     6
       Ration            |       |     1 |       ||     1
Armor: Scale mail        |    10 |    10 |       ||    20
       Chain mail        |       |    22 |    19 ||    41
Dodge: Dodged            |     5 |    16 |    15 ||    36
Block: Shield            |    10 |    32 |    38 ||    80

Table legend:
 A = Non-vault XP
 B = Vault XP
 C = Vault XP percentage of total XP
 D = Non-vault monster count
 E = Vault monster count
 F = Vault count percentage of total count
                 A         B        C        D         E       F
            +---------+---------+-------+---------+---------+-------
      Total |       0 |    2717 | 100.0 |       0 |      25 | 100.0
            +---------+---------+-------+---------+---------+-------
          D |       0 |    2717 | 100.0 |       0 |      25 | 100.0
            +---------+---------+-------+---------+---------+-------
